 Dungeon Crawl Stone Soup version 0.18.1-6-gd335043 (webtiles) character file.

165 shmeve the Skirmisher (level 5, -2/42 HPs)
             Began as a Demonspawn Fighter on May 20, 2016.
             Was an Initiate of Okawaru.
             Slain by a sky beast (5 damage)
             ... on level 3 of the Dungeon.
             The game lasted 00:05:23 (1946 turns).

shmeve the Skirmisher (Demonspawn Fighter)          Turns: 1946, Time: 00:05:23

Health: -2/42      AC:  7    Str: 17    XL:     5   Next: 22%
Magic:  5/5        EV: 10    Int:  9    God:    Okawaru [......]
Gold:   116        SH:  9    Dex: 13    Spells: 0 memorised, 4 levels left

rFire  . . .     SeeInvis .     a - +0 war axe
rCold  . . .     Gourm    .     b - +0 scale mail
rNeg   . . .     Faith    .     c - +0 shield
rPois  .         Spirit   .     s - +0 helmet
rElec  .         Dismiss  .     (no cloak)
rCorr  .         Reflect  .     (no gloves)
SustAt .         Harm     .     (no boots)
MR     .....                    (no amulet)
Stlth  ..........               (no ring)
                                g - +3 ring of evasion

@: not resistant to hostile enchantments, extremely unstealthy
A: talons 1, demonic guardian 1, rot immunity
a: Renounce Religion


You were on level 3 of the Dungeon.
You worshipped Okawaru.
Okawaru was noncommittal.
You were not hungry.

You visited 1 branch of the dungeon, and saw 3 of its levels.

You collected 116 gold pieces.

Inventory:

Hand Weapons
 a - a +0 war axe (weapon)
Armour
 b - a +0 scale mail (worn)
 c - a +0 shield (worn)
 s - a +0 helmet (worn)
Jewellery
 g - a +3 ring of evasion (left hand)
 j - an uncursed ring of wizardry {unknown}
Scrolls
 k - 2 scrolls of teleportation {unknown}
 l - 2 scrolls of enchant weapon {unknown}
 m - 4 scrolls of enchant armour {unknown}
 o - a scroll of noise {unknown}
 t - a scroll of remove curse {unknown}
Potions
 d - a potion of might
 e - 2 potions of agility {unknown}
 h - 2 potions of brilliance {unknown}
 i - 3 potions of ambrosia {unknown}
 n - 2 potions of cancellation {unknown}
 p - a potion of haste {unknown}
 q - a potion of mutation {unknown}
 r - 2 potions of resistance {unknown}
 u - 2 potions of curing {unknown}
Comestibles
 f - 3 bread rations
 v - 2 chunks of flesh


   Skills:
 * Level 3.9 Fighting
 * Level 2.4 Axes
 - Level 1.2 Throwing
 + Level 3.1 Armour
 + Level 1.0 Dodging
 * Level 3.5 Shields
 + Level 1.1 Invocations


You had 4 spell levels left.
You didn't know any spells.

Dungeon Overview and Level Annotations

Branches:
Dungeon (3/15)

Altars:
Okawaru


Innate Abilities, Weirdness & Mutations

You have sharp toenails.
A weak demonic guardian rushes to your aid.
You are immune to rotting.


Message History

You block something's attack. Something hits you but does no damage.
You miss something. Something hits you but does no damage.
You miss something. Something hits you. Something shocks you.
Something hits you but does no damage.
Unknown command.
You miss something. Your kick misses something.
Something hits you but does no damage.
You miss something. Something hits you. Something shocks you.
Something hits you. Something shocks you.
* * * LOW HITPOINT WARNING * * *
You closely miss something. Your kick misses something. Something hits you.
* * * LOW HITPOINT WARNING * * *
Something shocks you.
* * * LOW HITPOINT WARNING * * *
Unknown command.
Your shield and scale mail prevent you from hitting something.
Something hits you but does no damage. Something hits you.
* * * LOW HITPOINT WARNING * * *
Something shocks you.
You die...

###############
########..........#..
#...........#####.#.#
##........##.# #.#.### #.
............#.#####...... ..
........@{#...........### .
.........................
#.#.......#.#.#.........#.#
#.#.#####.#.###########.#.#
.... ...................
#######.###########.#######....
.......<...†..........#.......#
###################.#.#.......#
.......)...#######.#


There were no monsters in sight!

Vanquished Creatures
  Terence (D:2)
  Robin (D:2)
  4 adders
  2 oozes
  2 worms
  3 dart slugs (D:1)
  3 giant geckos
  A giant cockroach (D:2)
  12 goblins
  6 hobgoblins
  11 jackals
  A quokka (D:2)
  3 bats (D:1)
  2 giant newts (D:1)
  11 kobolds
  9 rats
  A plant (D:2)
73 creatures vanquished.

Vanquished Creatures (collateral kills)
  2 goblins (D:2)
  A kobold (D:2)
3 creatures vanquished.

Grand Total: 76 creatures vanquished

Notes
Turn   | Place    | Note
--------------------------------------------------------------
     0 | D:1      | shmeve the Demonspawn Fighter began the quest for the Orb.
     0 | D:1      | Reached XP level 1. HP: 18/18 MP: 1/1
   104 | D:1      | Gained mutation: A weak demonic guardian rushes to your aid. [demonic ancestry]
   104 | D:1      | Reached XP level 2. HP: 19/24 MP: 2/2
   341 | D:1      | Gained mutation: You have sharp toenails. [demonic ancestry]
   341 | D:1      | Reached XP level 3. HP: 25/29 MP: 3/3
   660 | D:1      | Reached skill level 1 in Throwing
   821 | D:2      | Noticed Robin
   840 | D:2      | Killed Robin
  1057 | D:2      | Reached XP level 4. HP: 34/37 MP: 4/4
  1074 | D:2      | Found an iron altar of Okawaru.
  1093 | D:2      | Became a worshipper of Warmaster Okawaru
  1254 | D:2      | Noticed Terence
  1261 | D:2      | Killed Terence
  1261 | D:2      | Reached skill level 1 in Invocations
  1600 | D:2      | Gained mutation: You are immune to rotting. [demonic ancestry]
  1600 | D:2      | Reached XP level 5. HP: 42/42 MP: 5/5
  1853 | D:3      | Reached skill level 1 in Dodging
  1932 | D:3      | Noticed a sky beast
  1946 | D:3      | Slain by a sky beast

Skill      XL: |  1  2  3  4  5 |
---------------+----------------+-----
Throwing       | 1 |  1.2
Axes           | 2 |  2.4
Shields        | 3 |  3.5
Armour         | 3 |  3.1
Invocations    | 1 |  1.1
Dodging        | 1 |  1.0
Fighting       | |  3.9

Action                   |  1- 3 |  4- 6 || total
-------------------------+-------+-------++-------
Melee: War axe           |    83 |   116 ||   199
       Kick              |     8 |    15 ||    23
  Eat: Chunk             |     1 |     3 ||     4
Armor: Scale mail        |    56 |    41 ||    97
Dodge: Dodged            |    66 |    57 ||   123
Block: Shield            |    74 |    74 ||   148
